 Dungeon Crawl Stone Soup version 0.31-a0-1529-g7bd419a0e5 (webtiles) character file.

Game seed: 9392484888189452455

70 ThereIsNoGod the Ruffian (level 4, -1/33 HPs)
             Began as an Octopode Fighter on Dec 31, 2023.
             Slain by a gnoll
             ... wielding a +0 spear
              (7 damage)
             ... on level 3 of the Dungeon.
             The game lasted 00:01:21 (1401 turns).

ThereIsNoGod the Ruffian (Octopode Fighter)         Turns: 1401, Time: 00:01:22

Health: -1/33      AC:  1    Str: 21    XL:     4   Next: 22%
Magic:  4/4        EV: 13    Int: 10    God:
Gold:   167        SH:  5    Dex: 16    Spells: 3/3 levels left

rFire   . .          .
                       - Unarmed
rCold   . . .        a - +0 buckler
rNeg    + . .        (helmet restricted)
rPois   .            (no amulet)
rElec   .            l - ring of willpower
rCorr   .            k - ring of Suspected Treachery {Str+6 Dex+3}
SInv    .            g - ring of positive energy
Will    +....        (no ring)
Stlth   ++           (no ring)
HPRegen 0.25/turn    (no ring)
MPRegen 0.09/turn    (no ring)
                     (no ring)

%: no passive effects
@: no status effects
A: almost no armour, amphibious, 8 rings, camouflage 1, gelatinous body 1,
(nimble swimmer 1), tentacles
a: no special abilities


You were on level 3 of the Dungeon.
You visited 1 branch of the dungeon, and saw 3 of its levels.

You collected 167 gold pieces.

Inventory:

Missiles
 h - 2 throwing nets
Armour
 a - a +0 buckler (worn)
Jewellery
 g - a ring of positive energy (on tentacle)
 k - the ring of Suspected Treachery (right tentacle) {Str+6 Dex+3}
   (You found it on level 2 of the Dungeon)

   [ring of strength]

   Str+6:     It affects your strength (+6).
   Dex+3:     It affects your dexterity (+3).
 l - a ring of willpower (left tentacle)
Wands
 j - a wand of digging (7)
Scrolls
 e - 2 scrolls of identify {unknown}
 f - a scroll of immolation {unknown}
 m - a scroll of silence {unknown}
 n - a scroll of amnesia {unknown}
 o - a scroll of noise {unknown}
 p - a scroll of fog {unknown}
Potions
 b - 2 potions of might
 c - a potion of cancellation {unknown}
 d - a potion of lignification {unknown}
 i - a potion of heal wounds {unknown}


   Skills:
 + Level 3.7 Fighting
 - Level 3.0 Dodging
 - Level 3.0 Shields
 * Level 3.8 Unarmed Combat


You had 3 spell levels left.
You didn't know any spells.
Your spell library was empty.

Dungeon Overview and Level Annotations

Branches:
Dungeon (3/15)

Altars:
Fedhas

Annotations:
D:2 1 runed translucent door, Crazy Yiuf


Innate Abilities, Weirdness & Mutations

You cannot wear most types of armour.
You are amphibious.
You can wear up to eight rings at the same time.
Your skin changes colour to match your surroundings (Stealth+).
Your rubbery body absorbs attacks. (AC +1, EV +1)
((You are camouflaged when in or above water. (Stealth+)))
You have tentacles for arms and can constrict up to eight enemies at once.


Message History

A gnoll comes into view. It is wielding a +0 halberd.
A gnoll is nearby! 2 gnolls come into view.
Found a stone staircase leading down.
Found a leather armour.
The gnoll shouts! x2; You hear a shout!
The gnoll shouts!
A gnoll comes into view. It is wielding a +0 whip.
The gnoll barely misses you. The gnoll closely misses you.
You tentacle-slap the gnoll but do no damage.
Your grab misses the gnoll. You tentacle-slap the gnoll. You grab the gnoll.
The gnoll is moderately wounded.
You constrict the gnoll. The gnoll barely misses you.
You block the gnoll's attack.
You barely miss the gnoll.
The gnoll is moderately wounded.
You constrict the gnoll. You block the gnoll's attack.
The gnoll hits you with a +0 halberd.
You tentacle-slap the gnoll. You squeeze the gnoll.
You kill the gnoll!
The gnoll hits you from afar with a +0 spear.
The gnoll hits you with a +0 spear!
Things that are here:
a +0 halberd; a gnoll corpse Unknown command.
You block the gnoll's attack. The gnoll attacks as it pursues you!
The gnoll hits you from afar with a +0 spear!
* * * LOW HITPOINT WARNING * * *
The gnoll attacks as it pursues you!
The gnoll hits you from afar with a +0 spear.
* * * LOW HITPOINT WARNING * * *
The gnoll attacks as it pursues you! The gnoll completely misses you.
The gnoll attacks as it pursues you!
The gnoll hits you from afar with a +0 spear.
* * * LOW HITPOINT WARNING * * *
The gnoll attacks as it pursues you!
The gnoll hits you from afar with a +0 spear!
You die...

#.. #.# #. #.# #.#
#.# #.# #.# #.#
#<# #.# #.# #.#
#.# ##.######@# ##
#..g.g.g..#
#...####..########
#[....g...#
#...####.## ## #.#
#.# #.# #>#


You could see 3 gnolls.

Vanquished Creatures
  A gnoll (D:3)
  An adder (D:2)
  4 dart slugs
  A ribbon worm (D:2)
  7 ball pythons
  4 bats (D:1)
  4 endoplasms
  2 giant cockroaches (D:1)
  6 hobgoblins (D:1)
  2 kobolds (D:2)
  A quokka (D:1)
  A frilled lizard (D:2)
  A goblin (D:1)
  A rat (D:1)
36 creatures vanquished.

Notes
Turn   | Place    | Note
-------+----------+-------------------------------------------
     0 | D:1      | ThereIsNoGod the Octopode Fighter began the quest for the
                  | Orb.
     0 | D:1      | Reached XP level 1. HP: 16/16 MP: 1/1
    76 | D:1      | Reached XP level 2. HP: 12/21 MP: 2/2
   269 | D:1      | Reached XP level 3. HP: 20/26 MP: 3/3
   769 | D:2      | Found a faded altar of an unknown god.
   770 | D:2      | Noticed a shining eye
   772 | D:2      | Noticed a shining eye
   772 | D:2      | Noticed a glass eye
   772 | D:2      | Noticed a golden eye
   792 | D:2      | Identified the ring of Suspected Treachery {Str+6 Dex+3}
   989 | D:2      | Found a blossoming altar of Fedhas.
  1102 | D:2      | Reached XP level 4. HP: 25/33 MP: 4/4
  1243 | D:2      | Found a runed translucent door.
  1246 | D:2      | Noticed Crazy Yiuf
  1401 | D:3      | Slain by a gnoll

Illustrated notes

Levels and vault maps discovered:
D:1:      dpeg_arrival_rooms_with_view, layout_basic, minmay_domino_4
D:2:      layout_loops_ring, basic_altar,
          hellmonk_ecumenical_altar_watching_god, uniq_crazy_yiuf_cottage
D:3:      cheibrodos_old_hovel, layout_loops_ring, serial_shops,
          nicolae_shop_gaudy_bauble, nicolae_hexahallways

Skill      XL: |  1  2  3 |
---------------+----------+-----
Unarmed Combat | 3 |  3.8
Fighting       | |  3.7
Dodging        | |  3.0
Shields        | |  3.0

Action                     |  1- 3 |  4- 6 || total
---------------------------+-------+-------++-------
  Melee: Unarmed           |    76 |     4 ||    80
         Constrict         |    18 |     1 ||    19
         Tentacles         |    13 |     1 ||    14
         Punch             |     3 |       ||     3
   Stab: Sleeping          |    12 |       ||    12
 Armour: Skin              |    22 |     7 ||    29
  Dodge: Dodged            |    32 |     4 ||    36
  Block: Buckler           |    24 |     3 ||    27

Table legend: (Time is in decaauts)
 A = Elapsed time spent in this place.
 B = Non-inter-level travel time spent in this place.
 C = Inter-level travel time spent in this place.
 D = Time resting spent in this place.
 E = Time spent auto-exploring this place.
 F = Levels seen in this place.
 G = Mean time per level.
                   A        B        C        D        E       F      G
               +--------+--------+--------+--------+--------+-----+--------+
         Total |   1397 |   1352 |     45 |      0 |   1073 |   3 |  465.7 |
       Dungeon |   1397 |   1352 |     45 |      0 |   1073 |   3 |  465.7 |
               +--------+--------+--------+--------+--------+-----+--------+

Top non-repeatable levels by time:
     D:2: 713 daAuts
     D:1: 656 daAuts
     D:3: 27 daAuts
